[ PARTIDA AOE2 · #479196228 ]
UnrankedBizantinos vs Spanish
[ ANÁLISIS DE REPETICIÓN · EXTRAÍDO DE LA PARTIDA GRABADA ]
Feudal
11:54
Castillos
—
Imperial
—
| APM promedio | 56.9 |
| APM pico | 92 |
| eAPM promedio | 20.1 |
| Aldeanos / militares | 27 / 0 |
Foco
⚔️ 36.9% · 🌾 63.1%
Feudal
12:19
Castillos
—
Imperial
—
| APM promedio | 30.9 |
| APM pico | 51 |
| eAPM promedio | 13.5 |
| Aldeanos / militares | 26 / 0 |
Foco
⚔️ 30.3% · 🌾 69.7%
Feudal
12:04
Castillos
—
Imperial
—
| APM promedio | 23.6 |
| APM pico | 49 |
| eAPM promedio | 7.5 |
| Aldeanos / militares | 33 / 0 |
Foco
⚔️ 17.6% · 🌾 82.4%
Feudal
8:17
Castillos
—
Imperial
—
| APM promedio | 29.2 |
| APM pico | 52 |
| eAPM promedio | 13.2 |
| Aldeanos / militares | 33 / 5 |
Foco
⚔️ 24.9% · 🌾 75.1%
Scout Cavalry ×5
Mapa de la partida
Recursos iniciales + cada clic de construcción. Líneas = muros · curvas = relieve. ◆ oro · ⬟ piedra · ● bayas · ✦ reliquia · ◌ hueco del cierre
Tu base· ✓ Cerrada en 13:47 · 39t muro · sin puerta
Base de I am rad· ✓ Cerrada en 13:29 · 17t muro · 1 puerta(s)
Base de SunTzu· Abierta — el rival se encerró
Base de Cordoba· Abierta — el rival se encerró
Terreno inicial suavizado · ◌ = hueco del cierre detectado · pasá el cursor para detalles
Inputs por minuto
— Syxee - - I am rad
Build order — Syxee
46 acciones detectadas en el replay
| 0:05 | Construir | House |
| 0:07 | Construir | House |
| 0:08 | Crear | Villager (Male) |
| 0:08 | Crear | Villager (Male) |
| 0:08 | Crear | Villager (Male) |
| 0:09 | Crear | Villager (Male) |
| 0:09 | Crear | Villager (Male) |
| 1:32 | Crear | Villager (Male) |
| 1:32 | Crear | Villager (Male) |
| 1:55 | Construir | Lumber Camp |
| 2:18 | Crear | Villager (Male) |
| 2:31 | Crear | Villager (Male) |
| 3:12 | Crear | Villager (Male) |
| 3:12 | Crear | Villager (Male) |
| 3:12 | Crear | Villager (Male) |
| 4:08 | Construir | Mill |
| 4:39 | Crear | Villager (Male) |
| 4:39 | Crear | Villager (Male) |
| 4:40 | Crear | Villager (Male) |
| 4:50 | Construir | House |
| 5:24 | Crear | Villager (Male) |
| 5:24 | Crear | Villager (Male) |
| 5:55 | Crear | Villager (Male) |
| 5:56 | Crear | Villager (Male) |
| 5:56 | Crear | Villager (Male) |
| 6:24 | Construir | House |
| 6:51 | Construir | Lumber Camp |
| 6:55 | Crear | Villager (Male) |
| 7:39 | Crear | Villager (Male) |
| 7:40 | Crear | Villager (Male) |
| 7:41 | Crear | Villager (Male) |
| 8:46 | Construir | Mining Camp |
| 8:50 | Crear | Villager (Male) |
| 9:03 | Construir | Palisade Wall |
| 9:15 | Investigar | Loom |
| 9:35 | Investigar | Feudal Age |
| 11:53 | Crear | Villager (Male) |
| 11:53 | Crear | Villager (Male) |
| 11:54 | Edad | Edad Feudal |
| 11:58 | Construir | Market |
| 12:01 | Construir | Blacksmith |
| 12:23 | Construir | House |
| 12:28 | Investigar | Wheelbarrow |
| 13:13 | Construir | Stone Wall |
| 13:47 | Investigar | Castle Age |
| 13:57 | Construir | Barracks |
Build order — I am rad
51 acciones detectadas en el replay
| 0:01 | Crear | Villager (Male) |
| 0:01 | Crear | Villager (Male) |
| 0:02 | Construir | House |
| 0:04 | Construir | House |
| 0:25 | Crear | Villager (Male) |
| 0:26 | Crear | Villager (Male) |
| 0:26 | Crear | Villager (Male) |
| 1:32 | Crear | Villager (Male) |
| 1:46 | Construir | Lumber Camp |
| 2:04 | Crear | Villager (Male) |
| 2:27 | Crear | Villager (Male) |
| 2:48 | Crear | Villager (Male) |
| 3:12 | Crear | Villager (Male) |
| 3:41 | Crear | Villager (Male) |
| 3:50 | Construir | House |
| 3:55 | Construir | Mill |
| 4:17 | Crear | Villager (Male) |
| 4:17 | Crear | Villager (Male) |
| 4:17 | Crear | Villager (Male) |
| 5:16 | Crear | Villager (Male) |
| 5:26 | Crear | Villager (Male) |
| 5:49 | Construir | House |
| 6:06 | Construir | Lumber Camp |
| 6:23 | Crear | Villager (Male) |
| 6:23 | Crear | Villager (Male) |
| 7:14 | Crear | Villager (Male) |
| 7:15 | Crear | Villager (Male) |
| 7:15 | Crear | Villager (Male) |
| 7:24 | Crear | Villager (Male) |
| 7:28 | Construir | House |
| 7:52 | Crear | Villager (Male) |
| 7:52 | Crear | Villager (Male) |
| 7:55 | Investigar | Loom |
| 8:08 | Construir | Farm |
| 8:32 | Construir | Farm |
| 8:58 | Construir | Mining Camp |
| 9:55 | Investigar | Feudal Age |
| 10:17 | Crear | Villager (Male) |
| 10:18 | Crear | Villager (Male) |
| 11:40 | Construir | House |
| 12:19 | Edad | Edad Feudal |
| 12:22 | Construir | Market |
| 12:25 | Construir | Blacksmith |
| 12:49 | Investigar | Double-Bit Axe |
| 12:54 | Investigar | Horse Collar |
| 13:14 | Construir | Farm |
| 13:14 | Construir | Farm |
| 13:25 | Construir | Stone Wall |
| 13:27 | Construir | Gate |
| 13:29 | Investigar | Castle Age |
| 13:36 | Construir | Barracks |
Build order — SunTzu
52 acciones detectadas en el replay
| 0:02 | Crear | Villager (Male) |
| 0:04 | Construir | House |
| 0:08 | Construir | House |
| 0:23 | Crear | Villager (Male) |
| 0:23 | Crear | Villager (Male) |
| 0:24 | Crear | Villager (Male) |
| 0:24 | Crear | Villager (Male) |
| 0:29 | Construir | House |
| 0:31 | Construir | House |
| 0:36 | Investigar | Loom |
| 1:43 | Crear | Villager (Male) |
| 1:43 | Crear | Villager (Male) |
| 2:12 | Crear | Villager (Male) |
| 2:37 | Construir | Mill |
| 2:42 | Crear | Villager (Male) |
| 3:20 | Crear | Villager (Male) |
| 3:20 | Crear | Villager (Male) |
| 3:40 | Crear | Villager (Male) |
| 3:41 | Crear | Villager (Male) |
| 4:06 | Crear | Villager (Male) |
| 4:07 | Crear | Villager (Male) |
| 4:30 | Crear | Villager (Male) |
| 4:30 | Crear | Villager (Male) |
| 4:45 | Construir | Palisade Wall |
| 5:29 | Crear | Villager (Male) |
| 5:29 | Crear | Villager (Male) |
| 5:49 | Crear | Villager (Male) |
| 5:49 | Crear | Villager (Male) |
| 6:11 | Construir | Mining Camp |
| 6:16 | Crear | Villager (Male) |
| 6:16 | Crear | Villager (Male) |
| 6:51 | Crear | Villager (Male) |
| 7:23 | Crear | Villager (Male) |
| 7:35 | Crear | Villager (Male) |
| 7:35 | Crear | Villager (Male) |
| 7:42 | Construir | Palisade Wall |
| 7:45 | Construir | Palisade Wall |
| 7:48 | Construir | Palisade Wall |
| 8:20 | Crear | Villager (Male) |
| 8:24 | Crear | Villager (Male) |
| 9:29 | Crear | Villager (Male) |
| 9:43 | Investigar | Feudal Age |
| 10:53 | Construir | Mill |
| 12:04 | Edad | Edad Feudal |
| 12:08 | Construir | Gate |
| 12:28 | Crear | Villager (Male) |
| 12:35 | Crear | Villager (Male) |
| 12:43 | Construir | Lumber Camp |
| 12:58 | Construir | House |
| 13:13 | Construir | Stone Wall |
| 13:16 | Construir | Stone Wall |
| 13:50 | Crear | Villager (Male) |
Build order — Cordoba
61 acciones detectadas en el replay
| 0:02 | Crear | Villager (Male) |
| 0:02 | Crear | Villager (Male) |
| 0:03 | Construir | House |
| 0:04 | Construir | House |
| 0:17 | Crear | Villager (Male) |
| 0:17 | Crear | Villager (Male) |
| 0:18 | Crear | Villager (Male) |
| 1:25 | Crear | Villager (Male) |
| 1:25 | Crear | Villager (Male) |
| 2:05 | Crear | Villager (Male) |
| 2:05 | Crear | Villager (Male) |
| 2:15 | Construir | Lumber Camp |
| 2:21 | Crear | Villager (Male) |
| 2:22 | Crear | Villager (Male) |
| 2:36 | Crear | Villager (Male) |
| 2:36 | Crear | Villager (Male) |
| 3:29 | Crear | Villager (Male) |
| 3:29 | Crear | Villager (Male) |
| 3:37 | Crear | Villager (Male) |
| 3:57 | Construir | House |
| 4:04 | Crear | Villager (Male) |
| 4:35 | Crear | Villager (Male) |
| 4:35 | Crear | Villager (Male) |
| 4:43 | Crear | Villager (Male) |
| 5:00 | Crear | Villager (Male) |
| 5:11 | Construir | Mill |
| 5:42 | Crear | Villager (Male) |
| 5:55 | Investigar | Feudal Age |
| 7:32 | Construir | Barracks |
| 8:14 | Crear | Villager (Male) |
| 8:17 | Edad | Edad Feudal |
| 8:24 | Construir | Stable |
| 8:31 | Crear | Villager (Male) |
| 9:00 | Crear | Villager (Male) |
| 9:05 | Crear | Scout Cavalry |
| 9:10 | Construir | House |
| 9:40 | Construir | House |
| 9:41 | Crear | Scout Cavalry |
| 9:50 | Investigar | Double-Bit Axe |
| 9:56 | Crear | Villager (Male) |
| 10:04 | Crear | Villager (Male) |
| 10:08 | Construir | Farm |
| 10:08 | Crear | Villager (Male) |
| 10:18 | Construir | Farm |
| 10:20 | Construir | Farm |
| 10:20 | Crear | Villager (Male) |
| 10:22 | Crear | Scout Cavalry |
| 10:25 | Crear | Scout Cavalry |
| 11:04 | Construir | Farm |
| 11:08 | Construir | Farm |
| 11:11 | Construir | Farm |
| 11:11 | Crear | Villager (Male) |
| 11:15 | Crear | Scout Cavalry |
| 11:52 | Construir | Farm |
| 11:56 | Construir | Farm |
| 12:06 | Construir | Mining Camp |
| 12:25 | Crear | Villager (Male) |
| 12:29 | Construir | House |
| 12:49 | Crear | Villager (Male) |
| 12:58 | Construir | House |
| 13:20 | Crear | Villager (Male) |
Cronología de la partida
| 4:45 | SunTzu · wall_segment Palisade Wall x16 |
| 7:32 | Cordoba · first_building Barracks |
| 7:42 | SunTzu · wall_segment Palisade Wall x1 |
| 7:45 | SunTzu · wall_segment Palisade Wall x1 |
| 7:48 | SunTzu · wall_segment Palisade Wall x1 |
| 8:17 | Cordoba · age_up feudal |
| 8:24 | Cordoba · first_building Stable |
| 9:03 | Syxee · wall_segment Palisade Wall x18 |
| 11:54 | Syxee · age_up feudal |
| 12:04 | SunTzu · age_up feudal |
| 12:19 | I am rad · age_up feudal |
| 13:13 | SunTzu · wall_segment Stone Wall x6 |
| 13:13 | Syxee · wall_segment Stone Wall x21 |
| 13:16 | SunTzu · wall_segment Stone Wall x12 |
| 13:25 | I am rad · wall_segment Stone Wall x17 |
| 13:36 | I am rad · first_building Barracks |
| 13:51 | Cordoba · resign |
| 13:57 | Syxee · first_building Barracks |
[ ANÁLISIS IA · 1 CRÉDITO ]
¿Qué pasó realmente en esta partida?
Wolo.gg analiza cada decisión: build order, eco, micro, errores típicos por bracket. Análisis personalizado por WhatsApp o Discord en 30 segundos.
Guía civ
Bizantinos
Perfil
Jugador #21584452